 Dungeon Crawl Stone Soup version 0.13-a0-2485-g242ae62 (webtiles) character file.

422 JogiH the Magician (level 5, -1/43 HPs)
             Began as a Djinni Wizard on July 21, 2013.
             Slain by a hippogriff (3 damage)
             ... on Level 4 of the Dungeon.
             The game lasted 00:10:35 (3682 turns).

JogiH the Magician (Djinni Wizard)                  Turns: 3682, Time: 00:10:35

HP  -1/43        AC  2     Str  7      XL: 5   Next: 25%
MP   0/0         EV 13     Int 19      God:
Gold 253         SH  0     Dex 12      Spells:  5 memorised,  2 levels left

Res.Fire  : + + +   See Invis. : .   d - +0,+1 spear (flame)
Res.Cold  : x . .   Warding    : .   a - +0 robe
Life Prot.: + + +   Conserve   : .   (no shield)
Res.Poison: .       Res.Corr.  : .   b - +0 wizard hat
Res.Elec. : .       Clarity    : .   (no cloak)
Sust.Abil.: . .     Spirit.Shd : .   (no gloves)
Res.Mut.  : .       Stasis     : .   (boots unavailable)
Res.Rott. : .       Flight     : .   (no amulet)
Saprovore : . . .                    (no ring)
                                     (no ring)

@: very slightly contaminated, slightly resistant to hostile enchantments,
unstealthy
A: no striking features
a: no special abilities


You were on level 4 of the Dungeon.
You were not hungry.

You visited 1 branch of the dungeon, and saw 4 of its levels.

You collected 233 gold pieces.

Inventory:

Hand weapons
 d - a +0,+1 spear of flaming (weapon)
Armour
 a - a +0 robe (worn)
 b - a +0 wizard hat (worn)
Magical devices
 m - a wand of confusion (14) {unknown}
Scrolls
 e - 3 scrolls of curse jewellery {unknown}
 f - a scroll of enchant weapon II {unknown}
 h - 4 scrolls of identify {unknown}
 j - a scroll of curse armour {unknown}
 k - a scroll of remove curse {unknown}
 o - a scroll of teleportation {unknown}
 q - a scroll of amnesia {unknown}
Potions
 g - 3 potions of curing {unknown}
 i - a potion of restore abilities {unknown}
 l - a potion of degeneration {unknown}
 n - a potion of might {unknown}
 p - 2 potions of heal wounds {unknown}
Books
 c - a book of Minor Magic

   Spells                             Type                      Level
   *Magic Dart                        Conjuration                  1
   *Blink                             Translocation                2
   *Call Imp                          Summoning                    2
   Repel Missiles                     Charms/Air                   2
   Slow                               Hexes                        2
   *Conjure Flame                     Conjuration/Fire             3
   *Mephitic Cloud                    Conjuration/Poison/Air       3


   Skills:
 * Level 1.4 Fighting
 * Level 1.4 Polearms
 - Level 3.0 Dodging
 - Level 2.0 Stealth
 + Level 4.6 Spellcasting
 * Level 2.1 Conjurations
 * Level 1.1 Summonings
 + Level 1.0 Translocations


You had 2 spell levels left.
You knew the following spells:

 Your Spells              Type           Power        Failure   Level  Hunger
a - Magic Dart            Conj           ##..         8%          1    None
b - Blink                 Tloc           N/A          14%         2    #......
c - Call Imp              Summ           #.........   14%         2    #......
d - Conjure Flame         Conj/Fire      #.......     28%         3    ###....
e - Mephitic Cloud        Conj/Pois/Air  #.......     34%         3    ###....


Dungeon Overview and Level Annotations

Branches:
Dungeon (4/27)
 Temple: D:4-7

Altars:
Fedhas


Message History

The beam explodes into a vile cloud!
The stinking cloud engulfs the hippogriff.
The hippogriff is lightly wounded.
The hippogriff is engulfed in noxious fumes.
The hippogriff is engulfed in roaring flames.
You puncture the hippogriff! You burn the hippogriff.
The hippogriff is heavily wounded.
The hippogriff bites you!
* * * LOW HITPOINT WARNING * * *
The hippogriff pecks you.
* * * LOW HITPOINT WARNING * * *
The hippogriff claws you but does no damage.
Casting: Mephitic Cloud
Confirm with . or Enter, or press ? or * to list all spells.
You blink.
Casting: Blink
Confirm with . or Enter, or press ? or * to list all spells.
You don't have enough magic to cast that spell.
The hippogriff closely misses you. The hippogriff pecks you.
You die...

#.%.# #.### # #.# #.
####'###### #. #.........#
##%### #.........#
#....#### #....>....#
.####.......####H........#
.........##....@.........#
#####....#######.........#
###### ###########


You could see a hippogriff.

Vanquished Creatures
  A worker ant (D:4)
  An adder (D:2)
  A giant mite (D:4)
  An inept item mimic (D:2)
  3 giant geckos (D:1)
  An ooze (D:2)
  An orc (D:3)
  11 bats
  5 giant cockroaches
  11 hobgoblins
  5 jackals
  2 quokkas
  2 ball pythons
  4 giant newts
  3 goblins
  12 kobolds
  8 rats
72 creatures vanquished.

Vanquished Creatures (collateral kills)
  A scorpion (D:4)
  Jessica (D:2)
  2 adders
  4 jackals
8 creatures vanquished.

Vanquished Creatures (others)
  3 crimson imps (D:4)
3 creatures vanquished.

Grand Total: 83 creatures vanquished

Notes
Turn   | Place    | Note
--------------------------------------------------------------
     0 | D:1      | JogiH, the Djinni Wizard, began the quest for the Orb.
     0 | D:1      | Reached XP level 1. HP: 14/14 MP: 0/0
   241 | D:1      | Reached XP level 2. EP: 7/22
   313 | D:1      | Learned a level 2 spell: Blink
   316 | D:1      | Learned a level 2 spell: Call Imp
   648 | D:1      | Reached skill level 4 in Spellcasting
   925 | D:2      | Reached XP level 3. EP: 11/29
   960 | D:2      | Reached skill level 1 in Fighting
  1258 | D:2      | Noticed Jessica
  1390 | D:2      | Killed Jessica
  1535 | D:2      | Reached skill level 1 in Polearms
  1535 | D:2      | Reached XP level 4. EP: 19/37
  1763 | D:2      | Found a blossoming altar of Fedhas.
  3308 | D:4      | Learned a level 3 spell: Conjure Flame
  3312 | D:4      | Learned a level 3 spell: Mephitic Cloud
  3362 | D:4      | Reached XP level 5. EP: 31/43
  3656 | D:4      | Noticed a hippogriff
  3682 | D:4      | Slain by a hippogriff

Action                   |  1- 3 |  4- 6 || total
-------------------------+-------+-------++-------
Melee: Spear             |    97 |   121 ||   218
 Cast: Magic Dart        |    32 |    31 ||    63
       Call Imp          |    10 |     9 ||    19
       Conjure Flame     |       |     1 ||     1
       Mephitic Cloud    |       |     1 ||     1
       Blink             |       |     1 ||     1
 Stab: Sleeping          |       |     2 ||     2
